 Dungeon Crawl Stone Soup version 0.18.1-48-g4cf74bf (webtiles) character file.

803 Devisz the Covered (level 7, -2/61 HPs)
             Began as a Minotaur Fighter on July 11, 2016.
             Killed from afar by an orc wizard (6 damage)
             ... with a magic dart
             ... on level 6 of the Dungeon on July 17, 2016.
             The game lasted 00:34:29 (4198 turns).

Devisz the Covered (Minotaur Fighter)               Turns: 4198, Time: 00:34:30

Health: -2/61      AC: 11    Str: 22    XL:     7   Next: 59%
Magic:  0/6        EV:  7    Int:  5    God:
Gold:   240        SH: 10    Dex: 10    Spells: 0 memorised, 6 levels left

rFire  . . .     SeeInvis .     a - +0 war axe
rCold  + . .     Gourm    .     q - +0 chain mail
rNeg   . . .     Faith    .     c - +0 shield
rPois  .         Spirit   +     (helmet restricted)
rElec  .         Dismiss  .     (no cloak)
rCorr  .         Reflect  .     (no gloves)
SustAt .         Harm     .     e - +0 pair of boots
MR     .....                    z - amulet of guardian spirit
Stlth  ..........               (no ring)
                                y - ring of protection from cold

@: slowed, very slow, not resistant to hostile enchantments, extremely
unstealthy
A: retaliatory headbutt, horns 2
a: no special abilities


You were on level 6 of the Dungeon.
You were not hungry.

You visited 1 branch of the dungeon, and saw 6 of its levels.

You collected 240 gold pieces.

Inventory:

Hand Weapons
 a - a +0 war axe (weapon)
 g - a +4 dagger of flaming
 w - a +0 mace of protection
Armour
 b - a +0 scale mail
 c - a +0 shield (worn)
 e - a +0 pair of boots (worn)
 q - a +0 chain mail (worn)
Jewellery
 y - a ring of protection from cold (left hand)
 z - an amulet of guardian spirit (around neck)
Wands
 A - a wand of lightning (4/15)
Scrolls
 f - 2 scrolls of remove curse {unknown}
 i - 4 scrolls of magic mapping
 j - 2 scrolls of immolation
 k - 4 scrolls of identify
 l - a scroll of random uselessness {unknown}
 n - 3 scrolls of teleportation
 x - a scroll of amnesia {unknown}
Potions
 d - a potion of might
 h - 2 potions of magic
 p - a potion of cure mutation {unknown}
 r - a potion of lignification {unknown}
 t - a potion of brilliance {unknown}
 u - a potion of curing
 v - a potion of agility {unknown}
Comestibles
 m - 6 fruits
 o - 2 bread rations
 s - 2 beef jerkies


   Skills:
 + Level 5.6 Fighting
 + Level 4.8 Axes
 + Level 6.4 Armour
 + Level 2.7 Dodging
 + Level 0.6 Stealth
 + Level 6.2 Shields


You had 6 spell levels left.
You didn't know any spells.

Dungeon Overview and Level Annotations

Branches:
Dungeon (6/15)             Temple (0/1) D:6

Altars:
Cheibriados
Dithmenos
Fedhas
Gozag
Okawaru
Pakellas
Sif Muna
Xom
Zin
The Shining One

Shops:
D:4 (


Innate Abilities, Weirdness & Mutations

You reflexively headbutt those who attack you in melee.
You have a pair of horns on your head.


Message History

The orc wizard points at you and mumbles some strange words.
The magic dart hits you! You block the orc wizard's attack.
As you read the scroll of immolation, it crumbles to dust.
The creatures around you are filled with an inner flame!
The orc wizard hits you but does no damage.
You block the orc priest's attack. The orc wizard closely misses you.
You furiously retaliate!
You headbutt the orc wizard!
The orc wizard explodes!
The fiery explosion engulfs you!
The fiery explosion engulfs the orc priest.
The orc priest explodes!
The fiery explosion engulfs you!
* * * LOW HITPOINT WARNING * * *
The orc wizard gestures wildly while chanting.
The orc wizard blinks!
Unknown command.
Unknown command.
The orc wizard gestures at you while chanting.
The magic dart hits you!
You die...

#.# #.# ## #.# .## #.#
..#########.## .............##
#### ..#######.....# %.. .##
##...#######§##### ##
#......@..§§§o.%# #
#...##.####§###.# ### # ##.###.##
§# #.. ##### ##+##≈.≈# .% #.#
....# ##...##.## #.# #.# ###.#
##....#≈>≈# #%# #.# #.#.#
##.....##.## ##%## #.#
....###....[.#§.≈###...########.#
......+......##.##...............


You could see an orc wizard (inner flame).

Vanquished Creatures
  2 ogres (D:5)
  A giant frog (D:6)
  A scorpion (D:5)
  A crimson imp (D:5)
  A hound (D:4)
  2 orc priests
  2 orc wizards
  A giant frog skeleton (D:5)
  Ijyb (D:2)
  3 worker ants
  2 hound skeletons
  7 adders
  An ooze (D:2)
  An adder zombie (D:6)
  2 worms
  3 dart slugs
  4 giant geckos
  15 orcs
  A ball python (D:5)
  2 giant cockroaches
  9 goblins
  9 hobgoblins
  8 jackals
  2 quokkas (D:2)
  10 bats
  A giant gecko zombie (D:6)
  7 giant newts
  A jackal zombie (D:5)
  5 kobolds
  6 rats
111 creatures vanquished.

Notes
Turn   | Place    | Note
--------------------------------------------------------------
     0 | D:1      | Devisz the Minotaur Fighter began the quest for the Orb.
     0 | D:1      | Reached XP level 1. HP: 19/19 MP: 0/0
   140 | D:1      | Reached XP level 2. HP: 26/27 MP: 1/1
   637 | D:1      | Reached XP level 3. HP: 33/33 MP: 2/2
   752 | D:2      | Noticed Ijyb
   767 | D:2      | Killed Ijyb
  1056 | D:2      | Reached XP level 4. HP: 23/41 MP: 3/3
  1239 | D:2      | Found a snail-covered altar of Cheibriados.
  1774 | D:3      | Found a deep blue altar of Sif Muna.
  1774 | D:3      | Found a blossoming altar of Fedhas.
  1792 | D:3      | Found an iron altar of Okawaru.
  1986 | D:3      | Reached skill level 1 in Dodging
  2131 | D:3      | Found an opulent altar of Gozag.
  2189 | D:3      | Reached XP level 5. HP: 35/47 MP: 4/4
  2241 | D:3      | Found a faded altar to an unknown god.
  2450 | D:4      | Reached skill level 5 in Armour
  2529 | D:4      | Found a shadowy altar of Dithmenos.
  2530 | D:4      | Found an oddly glowing altar of Pakellas.
  2667 | D:4      | Reached skill level 5 in Fighting
  2916 | D:4      | Reached XP level 6. HP: 55/56 MP: 5/5
  3079 | D:4      | Found Iroixuf's Weapon Boutique.
  3155 | D:4      | Found a glowing golden altar of the Shining One.
  3209 | D:5      | Entered Level 5 of the Dungeon
  3218 | D:5      | Reached skill level 5 in Shields
  3308 | D:5      | Noticed an angel
  3309 | D:5      | Found a glowing silver altar of Zin.
  3309 | D:5      | Found a shimmering altar of Xom.
  3548 | D:5      | Reached XP level 7. HP: 61/61 MP: 6/6
  4178 | D:6      | Found a staircase to the Ecumenical Temple.
  4198 | D:6      | Killed from afar by an orc wizard

Skill      XL: |  1  2  3  4  5  6  7 |
---------------+----------------------+-----
Armour         | 4 5 6 |  6.4
Fighting       | 4 5 |  5.6
Axes           | 3 4 |  4.8
Shields        | 4 5 6 |  6.2
Dodging        | 1 2 |  2.7
Stealth        | |  0.6

Action                   |  1- 3 |  4- 6 |  7- 9 || total
-------------------------+-------+-------+-------++-------
Melee: War axe           |    79 |   180 |    41 ||   300
       Headbutt          |     7 |    20 |    10 ||    37
  Use: Scroll            |     1 |     5 |     1 ||     7
       Potion            |       |     1 |     1 ||     2
  Eat: Bread ration      |     1 |     1 |       ||     2
       Fruit             |       |       |     1 ||     1
       Chunk             |       |       |     1 ||     1
Armor: Scale mail        |    39 |    34 |       ||    73
       Chain mail        |       |    60 |    21 ||    81
Dodge: Dodged            |    21 |    55 |     9 ||    85
Block: Shield            |    43 |    99 |    27 ||   169
